 Dungeon Crawl Stone Soup version 0.23.2-30-g0e89c35649 (webtiles) character file.

Game seed: 13547280923962437361

2942 Yawgmoth the Thaumaturge (level 9, -14/57 HPs)
             Began as a Mummy Conjurer on June 10, 2019.
             Was a Follower of Vehumet.
             Demolished by a two-headed ogre
             ... wielding a +0 giant spiked club
              (26 damage)
             ... on level 8 of the Dungeon.
             The game lasted 00:34:02 (10236 turns).

Yawgmoth the Thaumaturge (Mummy Conjurer)          Turns: 10236, Time: 00:34:02

Health: -14/57     AC:  8    Str: 11    XL:     9   Next: 51%
Magic:  19/33      EV: 11    Int: 17    God:    Vehumet [*.....]
Gold:   270        SH:  0    Dex: 13    Spells: 24/30 levels left

rFire    . . .     SeeInvis .   x - +3 dagger of Oxead {vamp, Stlth+}
rCold    . . .     Gourm    .   (no shield)
rNeg     + + +     Faith    .   A - +2 leather armour {MR+}
rPois    ∞         Spirit   .   i - +0 helmet
rElec    .         Reflect  .   (no cloak)
rCorr    .         Harm     .   n - +0 pair of gloves
MR       ++...                  g - +0 pair of boots
Stlth    +++.......             (no amulet)
HPRegen  0.19/turn              j - ring of magical power {MP+9}
MPRegen  0.23/turn              r - ring of fire {rF+, rC-}

@: no status effects
A: no food or potions, fire vulnerability, cold resistance 1, negative energy
resistance 3, torment resistance, unbreathing
a: Renounce Religion


You were on level 8 of the Dungeon.
You worshipped Vehumet.
Vehumet was aware of your devotion.
You were not hungry.

You visited 2 branches of the dungeon, and saw 9 of its levels.

You collected 270 gold pieces.

Inventory:

Hand Weapons
 b - a +1 vampiric long sword {!w}
   (You took it off an orc warrior on level 6 of the Dungeon)
 o - a +1 morningstar of draining
   (You found it on level 4 of the Dungeon)
 p - a +2 short sword of speed
   (You took it off Duvessa on level 5 of the Dungeon)
 s - the +8 dagger of the Boar {flame, rPois rN+}
   (You found it on level 6 of the Dungeon)

   It has been specially enchanted to burn those struck by it, causing extra
   injury to most foes and up to half again as much damage against particularly
   susceptible opponents.
   It protects you from poison.
   It protects you from negative energy.
 u - a +3 spear of freezing
   (You took it off a wight on level 6 of the Dungeon)
 v - a +3 dagger of freezing
   (You took it off a wight on level 6 of the Dungeon)
 x - the +3 dagger of Oxead (weapon) {vamp, Stlth+}
   (You found it on level 6 of the Dungeon)

   It inflicts no extra harm, but heals its wielder when it wounds a living foe.
   It makes you more stealthy.
Armour
 g - a +0 pair of boots (worn)
   (You found it on level 2 of the Dungeon)
 i - a +0 helmet (worn)
   (You found it on level 5 of the Dungeon)
 n - a +0 pair of gloves (worn)
   (You found it on level 3 of the Dungeon)
 A - a +2 leather armour of magic resistance (worn)
   (You took it off an orc on level 7 of the Dungeon)
Jewellery
 d - a +2 ring of slaying
   (You found it on level 1 of the Dungeon)
 e - a +4 ring of dexterity
   (You found it on level 1 of the Dungeon)
 j - a ring of magical power (left hand) {MP+9}
   (You found it on level 5 of the Dungeon)
 r - a ring of fire (right hand) {rF+, rC-}
   (You found it on level 6 of the Dungeon)
Wands
 a - a wand of digging (5)
   (You found it on level 8 of the Dungeon)
Scrolls
 c - 2 scrolls of identify
 f - 2 scrolls of enchant weapon {unknown}
 h - 4 scrolls of remove curse
 k - a scroll of fog {unknown}
 l - 2 scrolls of noise {unknown}
 m - 2 scrolls of immolation {unknown}
 q - 3 scrolls of amnesia {unknown}
 t - a scroll of enchant armour {unknown}
 w - a scroll of silence {unknown}
 y - a scroll of random uselessness {unknown}
 z - a scroll of teleportation


   Skills:
 - Level 1.6 Dodging
 - Level 1.6 Stealth
 + Level 11.3 Spellcasting
 + Level 8.6 Conjurations


You had 24 spell levels left.
You knew the following spells:

 Your Spells              Type           Power        Failure   Level  Hunger
a - Magic Dart            Conj           ####         1%          1    N/A
b - Searing Ray           Conj           #####.       1%          2    N/A
c - Dazzling Spray        Conj/Hex       ###...       4%          3    N/A

Your spell library contained the following spells:

 Spells                   Type           Power        Failure   Level  Hunger
 Sandblast                Erth           #.....       10%         1    N/A
 Iskenderun's Mystic Bla  Conj           #####...     2%          4    N/A
 Conjure Flame            Conj/Fire      #####...     4%          3    N/A
 Mephitic Cloud           Conj/Pois/Air  ###.....     9%          3    N/A
 Blink                    Tloc           N/A          16%         2    N/A
 Call Imp                 Summ           #.......     16%         2    N/A
 Slow                     Hex            #.......     16%         2    N/A
 Force Lance              Conj/Tloc      ###.....     17%         4    N/A
 Fulminant Prism          Conj/Hex       ###.......   17%         4    N/A

Dungeon Overview and Level Annotations

Branches:
Dungeon (8/15)             Temple (1/1) D:5
   Lair: D:8-11

Altars:
Ashenzari
Cheibriados
Dithmenos
Fedhas
Gozag
Hepliaklqana
Kikubaaqudgha
Makhleb
Nemelex Xobeh
Okawaru
Qazlal
Ru
Sif Muna
Trog
Uskayaw
Vehumet
Wu Jian
Xom
Yredelemnul
Zin
The Shining One
Beogh

Annotations:
D:4 3 runed translucent doors, Amble's ghost, amateur OpTm


Innate Abilities, Weirdness & Mutations

You do not eat or drink.
Your flesh is vulnerable to fire.
You are immune to poison.
Your flesh is cold resistant. (rC+)
You are immune to negative energy. (rN+++)
You are immune to unholy pain and torment.
You can survive without breathing.


Message History

A bullfrog comes into view.
The bullfrog gives a loud, deep croak!
Aim: a bullfrog The searing ray hits the bullfrog. (Press . to maintain the ray.)
A hound skeleton comes into view.
The bullfrog barely misses you.
You now have 31/33 mp.
The bullfrog hits you but does no damage.
The bullfrog closely misses you.
You now have 30/33 mp.
Aim: a bullfrog (moderately wounded)
The searing ray hits the bullfrog! (Press . to maintain the ray.)
The bullfrog hits you but does no damage.
You now have 28/33 mp.
The searing ray hits the bullfrog!
The bullfrog closely misses you. The bullfrog misses you.
The searing ray hits the bullfrog!
You kill the bullfrog!
Vehumet accepts your kill.
You now have 27/33 mp.
a - a wand of digging (5)
A black bear comes into view.
The black bear growls angrily.
You can't see any susceptible monsters within range! (Use Z to cast anyway.) Unknown command.
Aim: a black bear The searing ray hits the black bear. (Press . to maintain the ray.)
You now have 28/33 mp.
The searing ray hits the black bear.
You now have 27/33 mp.
The searing ray hits the black bear!
The black bear goes berserk!
You now have 26/33 mp.
The searing ray hits the black bear!
You kill the black bear!
Vehumet accepts your kill.
You feel your power returning.
You finish channeling your searing ray.
You start resting.
MP restored: 33
Found a stone staircase leading down.
Found a stone staircase leading down.
A two-headed ogre comes into view.
It is wielding a +0 giant spiked club and a +0 dire flail.
Found a stone staircase leading up.
You can't see any susceptible monsters within range! (Use Z to cast anyway.)
You can't see any susceptible monsters within range! (Use Z to cast anyway.)
An adder comes into view.
Aim: a two-headed ogre, wielding a +0 giant spiked club and a +0 dire flail (resting)
The spray of energy hits the two-headed ogre.
The two-headed ogre shouts in stereo!
The adder hisses angrily.
You hear a shout!
You hear an angry growl.
An orc comes into view. It is wielding a +0 mace.
You now have 30/33 mp.
Aim: a two-headed ogre, wielding a +0 giant spiked club and a +0 dire flail (lightly wounded)
The spray of energy hits the two-headed ogre.
The spray of energy hits the adder!
The adder is dazzled.
You now have 28/33 mp.
Aim: an adder (severely wounded, blind)
The magic dart hits the adder!
You kill the adder!
Vehumet accepts your kill.
You now have 27/33 mp.
Aim: a two-headed ogre, wielding a +0 giant spiked club and a +0 dire flail (lightly wounded)
The searing ray hits the two-headed ogre! (Press . to maintain the ray.)
You now have 26/33 mp.
The searing ray hits the two-headed ogre!
You now have 25/33 mp.
The searing ray hits the two-headed ogre!
The two-headed ogre hits you with a +0 giant spiked club.
The two-headed ogre hits you with a +0 dire flail.
You take 11 damage, and have 46/57 hp.
Aim: a two-headed ogre, wielding a +0 giant spiked club and a +0 dire flail (heavily wounded)
The spray of energy misses the two-headed ogre.
The spray of energy hits the orc.
The orc is dazzled.
The orc hits you with a +0 mace. The two-headed ogre barely misses you.
The two-headed ogre hits you but does no damage.
You take 1 damage, and have 46/57 hp.
You now have 22/33 mp.
Aim: a two-headed ogre, wielding a +0 giant spiked club and a +0 dire flail (heavily wounded)
The searing ray hits the orc.
You kill the orc!
Vehumet accepts your kill.
You feel your power returning. (Press . to maintain the ray.)
You now have 22/33 mp.
Aim: a two-headed ogre, wielding a +0 giant spiked club and a +0 dire flail (heavily wounded)
The searing ray hits the two-headed ogre! (Press . to maintain the ray.)
The two-headed ogre hits you with a +0 giant spiked club!!
The two-headed ogre hits you with a +0 dire flail!
* * * LOW HITPOINT WARNING * * *
You take 35 damage, and have 12/57 hp.
MASSIVE DAMAGE!!
You now have 20/33 mp.
The searing ray hits the two-headed ogre.
The searing ray hits the two-headed ogre!
The two-headed ogre hits you with a +0 giant spiked club!!
You die...

#....< ##+### ##%....
......# ##......
......## ##....... .
.......###+###........
... #..#................
....#...................
.........).............#
.......@O...............
#...........####....#.>.
#...........# #..>..###.
...........#######......
..............#.#......(
.###......†.............
#...##........#...#...
#.....#.......#.#####.
#.....###.......†#...#


You could see a two-headed ogre.

Vanquished Creatures
  A water moccasin (D:6)
  Duvessa (D:5)
  An orc warrior (D:6)
  4 black bears
  2 ice beasts
  3 ogres
  5 bullfrogs
  Dowan (D:5)
  3 scorpions
  4 wights (D:6)
  3 howler monkeys
  3 crimson imps
  A bullfrog skeleton (D:5)
  4 hounds
  2 jellies (D:6)
  3 orc priests
  3 orc wizards
  2 iguanas
  8 worker ants
  A killer bee zombie (D:7)
  2 hound skeletons
  4 gnolls
  12 adders
  An ooze (D:3)
  2 adder skeletons (D:4)
  5 worms
  5 leopard geckos
  16 orcs
  5 giant cockroaches
  9 goblins
  A hobgoblin (D:1)
  8 jackals
  3 quokkas
  2 ball pythons
  4 bats
  6 frilled lizards
  A jackal skeleton (D:5)
  13 kobolds
  A quokka zombie (D:5)
  10 rats
165 creatures vanquished.

Notes
Turn   | Place    | Note
-------+----------+-------------------------------------------
     0 | D:1      | Yawgmoth the Mummy Conjurer began the quest for the Orb.
     0 | D:1      | Reached XP level 1. HP: 13/13 MP: 4/4
   217 | D:1      | Reached skill level 3 in Spellcasting
   272 | D:1      | Reached XP level 2. HP: 19/19 MP: 4/6
  1436 | D:2      | Reached XP level 3. HP: 20/24 MP: 0/8
  1736 | D:3      | Learned a level 2 spell: Searing Ray
  1931 | D:3      | Reached skill level 4 in Spellcasting
  1931 | D:3      | Reached skill level 4 in Conjurations
  1931 | D:3      | Reached XP level 4. HP: 23/30 MP: 0/10
  2820 | D:3      | Learned a level 3 spell: Dazzling Spray
  3027 | D:3      | Reached skill level 5 in Spellcasting
  3027 | D:3      | Reached XP level 5. HP: 32/35 MP: 0/12
  3607 | D:3      | Noticed an ogre
  3740 | D:3      | Killed an ogre
  3740 | D:3      | Reached XP level 6. HP: 34/41 MP: 0/14
  3986 | D:4      | Found a runed translucent gate.
  3987 | D:4      | Found a runed translucent gate.
  3987 | D:4      | Noticed Amble's ghost (amateur OpTm)
  3988 | D:4      | Found a runed translucent gate.
  3988 | D:4      | Identified the +9 hand axe of Circularity {chop, +Blink
                  | Dex+3}
  3988 | D:4      | Identified the +1 scale mail "Gidell" {MR+ Str+5}
  4035 | D:4      | Found a roughly hewn altar of Beogh.
  4115 | D:4      | Reached skill level 5 in Conjurations
  4193 | D:4      | Reached skill level 6 in Spellcasting
  5188 | D:4      | Reached XP level 7. HP: 46/46 MP: 3/17
  5320 | D:4      | Found an ancient bone altar of Kikubaaqudgha.
  5368 | D:4      | Reached skill level 7 in Spellcasting
  5574 | D:5      | Entered Level 5 of the Dungeon
  5994 | D:5      | Found a shattered altar of Ashenzari.
  6025 | D:5      | Found a staircase to the Ecumenical Temple.
  6053 | Temple   | Entered the Ecumenical Temple
  6151 | Temple   | Became a worshipper of Vehumet
  6468 | D:5      | Reached skill level 6 in Conjurations
  7033 | D:5      | Reached skill level 8 in Spellcasting
  7358 | D:6      | Noticed Dowan
  7361 | D:6      | Noticed Duvessa
  7468 | D:5      | Killed Duvessa
  7468 | D:5      | Reached XP level 8. HP: 38/52 MP: 20/20
  7473 | D:5      | Killed Dowan
  7775 | D:6      | Reached skill level 9 in Spellcasting
  7801 | D:6      | Reached skill level 7 in Conjurations
  8059 | D:6      | Noticed a moth of wrath
  8134 | D:6      | Found a bloodstained altar of Trog.
  8144 | D:6      | Got a bloodstained dagger
  8146 | D:6      | Identified the +8 dagger of the Boar {flame, rPois rN+}
                  | (You found it on level 6 of the Dungeon)
  8238 | D:6      | Reached * piety under Vehumet
  8238 | D:6      | Offered knowledge of Sandblast by Vehumet.
  8240 | D:6      | Reached skill level 10 in Spellcasting
  8365 | D:6      | Found an ornate altar of the Wu Jian Council.
  8373 | D:6      | Reached XP level 9. HP: 56/57 MP: 20/23
  8626 | D:6      | Got a transparent dagger
  8627 | D:6      | Identified the +3 dagger of Oxead {vamp, Stlth+} (You found
                  | it on level 6 of the Dungeon)
  8730 | D:7      | Reached skill level 8 in Conjurations
  8911 | D:6      | HP: 5/57 [orc warrior/+1 vampiric long sword (17)]
  9520 | D:7      | Reached skill level 11 in Spellcasting
  9962 | D:7      | Found a glowing silver altar of Zin.
 10209 | D:8      | Noticed a two-headed ogre
 10234 | D:8      | HP: 12/57 [two-headed ogre/+0 giant spiked club (9)]
 10236 | D:8      | Demolished by a two-headed ogre

Skill      XL: |  1  2  3  4  5  6  7  8  9 |
---------------+----------------------------+-----
Spellcasting   | 3 4 5 6 8 10 11 | 11.3
Conjurations   | 4 5 6 7 8 |  8.6
Dodging        | |  1.6
Stealth        | |  1.6

Action                   |  1- 3 |  4- 6 |  7- 9 || total
-------------------------+-------+-------+-------++-------
Melee: Unarmed           |     2 |     1 |       ||     3
       Spear             |       |     8 |       ||     8
       Morningstar       |       |       |     2 ||     2
       Dagger            |       |       |     3 ||     3
 Cast: Magic Dart        |    83 |   102 |   119 ||   304
       Searing Ray       |     3 |    77 |    81 ||   161
       Dazzling Spray    |       |     2 |     8 ||    10
  Use: Scroll            |       |     4 |     4 ||     8
Armor: Robe              |     5 |    18 |    21 ||    44
       Leather armour    |       |       |     3 ||     3
Dodge: Dodged            |    12 |    50 |    65 ||   127

Levels and vault maps discovered:
D:1:      sevenhm_arrival_forest_fort_large_4, layout_rooms
D:2:      layout_basic
D:3:      layout_basic, first_ration, minmay_divided_ellipse
D:4:      layout_cave_pools, marbit_many_paths, biasface_ghost_orc_armoury
D:5:      layout_loops_corners, kennysheep_mini, temple_fountains,
          chequers_serial_rivers_micro_a
D:6:      layout_gridville, tgw_trog, basic_altar, uniq_duvessa
D:7:      layout_basic, kennysheep_little_box, serial_bayou_pond_a
D:8:      minmay_the_grid_octo_tiled_octocenter [minmay_the_grid_octo_shrine,
          minmay_the_grid_octo_focus, minmay_the_grid_octo_clover_2,
          minmay_the_grid_octo_teeth,
          minmay_the_grid_octo_prize_square_snowflake,
          minmay_the_grid_square_5x5_spiral, minmay_the_grid_square_5x5_z,
          minmay_the_grid_square_5x5_dogpile,
          minmay_the_grid_square_5x5_inverted_slash], layout_cave_pools,
          elyvilon_altar_5, uniq_prince_ribbit1
Temple:   minmay_crystal_spiral_temple

Table legend:
 A = Turns spent in this place as a percentage of turns spent in the entire game.
 B = Non-inter-level travel turns spent in this place as a percentage of non-inter-level travel turns spent in the entire game.
 C = Inter-level travel turns spent in this place as a percentage of turns spent in this place.
 D = Turns resting spent in this place as a percentage of non-inter-level travel turns spent in this place.
 E = Turns spent auto-exploring this place as a percentage of non-inter-level travel turns spent in this place.
 F = Non-inter-level travel turns spent in this place divided by the number of levels of this place that you've seen.
                   A       B       C       D       E      F
               +-------+-------+-------+-------+-------+----------------------
         Total | 100.0 | 100.0 |   5.0 |  48.9 |  35.0 | 1080.8
       Dungeon |  98.2 |  99.0 |   4.2 |  49.4 |  34.5 | 1203.4
        Temple |   1.8 |   1.0 |  45.7 |   0.0 |  89.0 | 100.0
               +-------+-------+-------+-------+-------+----------------------

Table legend:
 A = Kills in this place as a percentage of kills in entire the game.
 B = Kills by you in this place as a percentage of kills by you in the entire game.
 C = Kills by friends in this place as a percentage of kills by friends in the entire game.
 D = Other kills in this place as a percentage of other kills in the entire game.
 E = Experience gained in this place as a percentage of experience gained in the entire game.
 F = Experience gained in this place divided by the number of levels of this place that you have seen.
                   A       B       C       D       E      F
               +-------+-------+-------+-------+-------+----------------------
         Total | 100.0 | 100.0 |   N/A |   N/A | 100.0 | 467.1
       Dungeon | 100.0 | 100.0 |   N/A |   N/A | 100.0 | 525.5
               +-------+-------+-------+-------+-------+----------------------
